 Dungeon Crawl Stone Soup version 0.30-a0-715-gdb4ae3ece1 (webtiles) character file.

Game seed: 13775087399148578734

3503 lessens the Grappler (level 9, -1/73 (75) HPs)
             Began as an Armataur Artificer on Jan 25, 2023.
             Was an Initiate of Okawaru.
             Slain by a vampire mosquito (10 damage)
             ... on level 5 of the Dungeon.
             The game lasted 00:17:04 (8089 turns).

lessens the Grappler (Armataur Artificer)           Turns: 8089, Time: 00:17:04

HP:   -1/73 (75)    AC: 10    Str: 22    XL:     9   Next: 80%
MP:   14/24         EV:  9    Int: 12    God:    Okawaru [......]
Gold: 335           SH:  0    Dex: 10    Spells: 8/8 levels left

rFire   + . .      SeeInvis .      - Unarmed
rCold   . . .      Faith    +    (no shield)
rNeg    + + .      Spirit   .    H - +2 leather armour {rF+}
rPois   +          Reflect  .    (no helmet)
rElec   +          Harm     .    x - +0 cloak "Matiodus" {rElec rPois rN+}
rCorr   .          Roll     +    u - +1 pair of gloves
Will    .....                    (no barding)
Stlth   +                        J
                                   - Hermit's Pendant {Faith Invo=14 Evo=0 MP+5}
HPRegen 0.32/turn                I - ring of positive energy
MPRegen 0.19/turn                (no ring)

@: hasted, lightly drained, very quick
A: large, rugged brown scales 3, deformed body, armoured tail, roll, long
tongue, awkward tongue
a: Renounce Religion


You were on level 5 of the Dungeon.
You worshipped Okawaru.
Okawaru was noncommittal.
You visited 2 branches of the dungeon, and saw 8 of its levels.

You collected 335 gold pieces.

Inventory:

Hand Weapons
 a - a +0 club
 h - a +5 short sword
Missiles
 l - 41 stones
 y - 6 poisoned darts
 B - 6 javelins
Armour
 b - a +0 leather armour
 f - a +0 scale mail
 n - a +0 ring mail
 u - a +1 pair of gloves (worn)
 x - the +0 cloak "Matiodus" (worn) {rElec rPois rN+}
   (You found it on level 3 of the Dungeon)

   rElec:     It insulates you from electricity.
   rPois:     It protects you from poison.
   rN:        It protects you from negative energy.
 H - a +2 leather armour of fire resistance (worn)
Jewellery
 G - an amulet of regeneration
 I - a ring of positive energy (left hand)
 J - the Hermit's Pendant (around neck) {Faith Invo=14 Evo=0 MP+5}
   (You found it on level 6 of the Dungeon)

   [amulet of faith]

   Invo=14: It sets your Invocations skill to 14.
   Evo=0: It sets your Evocations skill to 0.
   It allows you to gain divine favour quickly.
   MP:        It affects your magic capacity (+5).
Wands
 c - a wand of flame (27) (quivered)
 d - a wand of charming (14)
 e - a wand of iceblast (3)
 r - a wand of light (3)
Scrolls
 g - 4 scrolls of teleportation
 i - a scroll of amnesia {unknown}
 j - a scroll of butterflies {unknown}
 o - 3 scrolls of enchant armour {unknown}
 p - 2 scrolls of torment {unknown}
 v - a scroll of poison {unknown}
 w - a scroll of magic mapping {unknown}
 A - a scroll of fog {unknown}
 E - 2 scrolls of enchant weapon {unknown}
 F - 4 scrolls of blinking
Potions
 m - a potion of ambrosia
 q - a potion of magic
 s - 2 potions of cancellation
 t - 2 potions of heal wounds
 z - a potion of brilliance
 C - a potion of attraction {unknown}


   Skills:
 + Level 3.9 Fighting
 - Level 2.4 Armour
 - Level 0.6 Dodging
 - Level 1.1 Stealth
 * Level 12.1 Unarmed Combat
 - Level 3.0(0.0) Evocations


You had 8 spell levels left.
You didn't know any spells.
Your spell library contained the following spells:

 Spells                   Type           Power      Damage    Failure   Level
 Dazzling Flash           Conj/Hex       0%         N/A       75%         3
 Ignite Poison            Fire/Tmut/Pois 0%         N/A       75%         3
 Portal Projectile        Hex/Tloc       0%         N/A       75%         3
 Iskenderun's Mystic Bla  Conj/Tloc      0%         2d3       98%         4
 Sticky Flame             Conj/Fire      0%         2d3       98%         4
 Blade Hands              Tmut           0%         N/A       100%        5
 Starburst                Conj/Fire      0%         6d3       100%        6
 Ignition                 Fire           0%         3d3       100%        8
 Tukima's Dance           Hex            Unusable   N/A       N/A         3

Dungeon Overview and Level Annotations

Branches:
Dungeon (7/15) Zot: 26917  Temple (1/1) D:7 Zot: 5935

Altars:
Ashenzari
Fedhas
Gozag
Hepliaklqana
Kikubaaqudgha
Makhleb
Nemelex Xobeh
Okawaru
Vehumet
Wu Jian
Xom
Yredelemnul

Shops:
D:6 *

Annotations:
D:5 3 exclusions


Innate Abilities, Weirdness & Mutations

You are completely covered in rugged brown scales. (AC +3, +7% HP)
Armour fits poorly on your strangely shaped body.
You have a long armoured tail.
You roll when moving toward enemies. (Rampage)
Your long tongue fully drains potion bottles. (2x potion effects)
Your tongue gives you trouble enunciating. (1.5x scroll delay)


Message History

The vampire mosquito bites you!
The vampire mosquito draws strength from your injuries!
Your attacks no longer feel as feeble.
There is a stone staircase leading up here.
The vampire mosquito bites you!
The vampire mosquito draws strength from your injuries!
The vampire mosquito closely misses you.
You climb upwards.
Level annotation: 3 exclusions Reactivating autopickup.
There is a stone staircase leading down here.
You closely miss the vampire mosquito. You tail-slap the vampire mosquito!
The vampire mosquito is moderately damaged.
The vampire mosquito bites you but does no damage.
You hit the vampire mosquito.
The vampire mosquito is moderately damaged.
The vampire mosquito barely misses you.
You miss the vampire mosquito.
The vampire mosquito is moderately damaged.
The vampire mosquito barely misses you.
You punch the vampire mosquito! You tail-slap the vampire mosquito.
The vampire mosquito is almost destroyed.
The vampire mosquito bites you!
* * * LOW HITPOINT WARNING * * *
The vampire mosquito draws strength from your injuries!
You closely miss the vampire mosquito.
Your tail-slap misses the vampire mosquito.
You punch the vampire mosquito.
The vampire mosquito is almost destroyed.
You barely miss the vampire mosquito.
The vampire mosquito is almost destroyed.
The vampire mosquito bites you but does no damage.
You closely miss the vampire mosquito. Your punch misses the vampire mosquito.
The vampire mosquito is almost destroyed.
The vampire mosquito bites you!
* * * LOW HITPOINT WARNING * * *
You hit the vampire mosquito but do no damage.
The vampire mosquito is almost destroyed.
The vampire mosquito bites you!
You die...

# #############)###### #
#..........##.# #
#.....####.##.# #
#.....#..#.##.# #
#.....'..#....# ######### #
#.....#..#....####.......### #
#.....####.........#####...## #
#########....######.....##..## #
#......@y..............# #
#.#....###.....##....#.. #
#.#......#.....##....##. #
#.####.##..##.........#. #
#.####..#..##.....≈≈..#. #
#......##......_..≈≈....
#########..8#8..#)............##
#..........#?#[##...§≈........#
#..........8#8)###..≈≈..♣♣...##


You could see a vampire mosquito.

Vanquished Creatures
  A two-headed ogre (D:6)
  Pikel (D:4)
  5 yaks (D:6)
  A water moccasin (D:7)
  2 black bears
  An ogre (D:5)
  2 phantoms (D:5)
  Blork the orc (D:4)
  A bullfrog (D:6)
  2 scorpions
  6 hounds
  6 orc priests
  A jelly (D:5)
  5 orc wizards
  Natasha (thrice) (D:2)
  2 iguanas
  3 gnolls
  12 adders
  A shadow imp (D:6)
  4 white imps
  3 ufetubi
  4 worms
  6 dart slugs
  38 orcs
  11 endoplasms
  3 giant cockroaches
  10 goblins
  10 hobgoblins
  4 quokkas
  8 ball pythons
  11 bats
  4 frilled lizards
  5 kobolds
  2 rats
179 creatures vanquished.

Vanquished Creatures (collateral kills)
  A white imp (D:5)
1 creature vanquished.

Vanquished Creatures (others)
  An orc wizard (D:5)
1 creature vanquished.

Grand Total: 181 creatures vanquished

Notes
Turn   | Place    | Note
-------+----------+-------------------------------------------
     0 | D:1      | lessens the Armataur Artificer began the quest for the Orb.
     0 | D:1      | Reached XP level 1. HP: 16/16 MP: 1/1
    96 | D:1      | Reached skill level 1 in Unarmed Combat
   205 | D:1      | Reached XP level 2. HP: 23/23 MP: 2/2
   384 | D:1      | Reached skill level 2 in Unarmed Combat
   863 | D:2      | Identified the +4 spear "Tormentor" {drain, rF- Int+3}
   881 | D:2      | Reached XP level 3. HP: 24/28 MP: 3/3
   953 | D:2      | Reached skill level 3 in Unarmed Combat
  1233 | D:2      | Noticed Natasha
  1241 | D:2      | Killed Natasha
  1242 | D:2      | Reached XP level 4. HP: 27/36 MP: 4/4
  1483 | D:2      | Noticed Natasha
  1488 | D:2      | Killed Natasha
  1489 | D:2      | Reached skill level 4 in Unarmed Combat
  1578 | D:2      | Noticed Natasha
  1589 | D:2      | Killed Natasha
  1590 | D:2      | Reached XP level 5. HP: 17/41 MP: 5/5
  2064 | D:3      | Found a radiant altar of Vehumet.
  2461 | D:3      | Found a sparkling altar of Nemelex Xobeh.
  2760 | D:3      | Identified the +0 cloak "Matiodus" {rElec rPois rN+}
  2900 | D:3      | Reached skill level 5 in Unarmed Combat
  3421 | D:4      | Noticed a lemure
  3435 | D:4      | Noticed Pikel
  3437 | D:4      | Noticed a lemure
  3508 | D:3      | Reached XP level 6. HP: 23/49 MP: 6/6
  3761 | D:5      | Entered Level 5 of the Dungeon
  3961 | D:5      | Found an ornate altar of the Wu Jian Council.
  4003 | D:5      | Reached skill level 6 in Unarmed Combat
  4451 | D:5      | Reached skill level 1 in Fighting
  4451 | D:5      | Reached XP level 7. HP: 49/55 MP: 7/7
  4488 | D:5      | Reached skill level 7 in Unarmed Combat
  5033 | D:5      | Reached skill level 8 in Unarmed Combat
  5277 | D:5      | Reached XP level 8. HP: 52/65 MP: 8/8
  5377 | D:5      | Noticed a komodo dragon
  5377 | D:5      | Found the +5 robe of Night {Dark Will+ SInv}
  5752 | D:4      | Noticed Blork the orc
  5769 | D:4      | Killed Blork the orc
  6263 | D:4      | Killed Pikel
  6264 | D:4      | Reached skill level 9 in Unarmed Combat
  6492 | D:6      | Reached skill level 10 in Unarmed Combat
  6559 | D:6      | Found a faded altar of an unknown god.
  6559 | D:6      | Noticed a two-headed ogre
  6559 | D:6      | Found the Hermit's Pendant {Faith Invo=14 Evo=0 MP+5}
  6565 | D:6      | Killed a two-headed ogre
  6566 | D:6      | Reached skill level 11 in Unarmed Combat
  6566 | D:6      | Reached XP level 9. HP: 58/71 MP: 9/9
  6646 | D:6      | Found Munti's General Store.
  7944 | D:7      | Reached skill level 12 in Unarmed Combat
  7950 | D:7      | Found a staircase to the Ecumenical Temple.
  7956 | Temple   | Entered the Ecumenical Temple
  7998 | Temple   | Became a worshipper of Warmaster Okawaru
  8089 | D:5      | Slain by a vampire mosquito

Illustrated notes

Levels and vault maps discovered:
D:1:      lightli_molten_gateway, layout_loops_ring,
          kennysheep_decorative_pillar, solitary_fountain,
          minmay_misc_feat_plants
D:2:      layout_basic, minmay_cut_off, uniq_natasha
D:3:      layout_loops_corners, nemelex_diamond_rough_becter, vehumet_crystals
D:4:      layout_cave_pools, minmay_fractal_squares_gapless_5, uniq_pikel,
          uniq_blork_the_orc
D:5:      kennysheep_windowed_halls, layout_basic, nicolae_wu_jian_wuxing_cycle,
          minmay_statues_item, sigmund_army
D:6:      layout_layer_cave, serial_shops, kennysheep_mini_moat,
          hellmonk_guarded_unrand_hermit
D:7:      minmay_the_grid_square_5x5_3x3
          [minmay_the_grid_square_5x5_checkered_statues,
          minmay_the_grid_square_5x5_n, minmay_the_grid_square_5x5_z,
          minmay_the_grid_square_5x5_two_walls_a,
          minmay_the_grid_square_5x5_megaprize_checkered,
          minmay_the_grid_square_5x5_lines, minmay_the_grid_square_5x5_seven,
          minmay_the_grid_square_5x5_one_wall,
          minmay_the_grid_square_5x5_six_small], layout_cave_pools,
          amcnicky_altar_gilded, chequers_temple_overflow_minitemple,
          minmay_temple_entry_hall
Temple:   nicolae_temple_bog_church

Skill      XL: |  1  2  3  4  5  6  7  8  9 |
---------------+----------------------------+-----
Unarmed Combat | 1 2 3 4 5 6 8 11 12 | 12.1
Fighting       | 1 2 3 |  3.9
Armour         | |  2.4
Dodging        | |  0.6
Stealth        | |  1.1
Evocations     | |  3.0

Action                     |  1- 3 |  4- 6 |  7- 9 || total
---------------------------+-------+-------+-------++-------
  Melee: Club              |    52 |       |       ||    52
         Tailslap          |    10 |    26 |    47 ||    83
         Short sword       |    52 |   237 |   237 ||   526
         Punch             |     1 |     5 |    14 ||    20
         Unarmed           |       |       |   111 ||   111
  Evoke: Wand              |     2 |       |     7 ||     9
    Use: Scroll            |       |     5 |     5 ||    10
         Potion            |       |       |     1 ||     1
   Stab: Sleeping          |     2 |       |       ||     2
         Invisible         |       |       |     2 ||     2
 Armour: Leather armour    |    34 |       |    93 ||   127
         Scale mail        |     3 |       |       ||     3
         Ring mail         |     3 |    94 |   109 ||   206
  Dodge: Dodged            |    45 |    90 |   160 ||   295

Table legend: (Time is in decaauts)
 A = Elapsed time spent in this place.
 B = Non-inter-level travel time spent in this place.
 C = Inter-level travel time spent in this place.
 D = Time resting spent in this place.
 E = Time spent auto-exploring this place.
 F = Levels seen in this place.
 G = Mean time per level.
                   A        B        C        D        E       F      G
               +--------+--------+--------+--------+--------+-----+--------+
         Total |   8104 |   7871 |    233 |    383 |   5503 |   8 | 1013.0 |
       Dungeon |   8040 |   7829 |    211 |    383 |   5476 |   7 | 1148.6 |
        Temple |     64 |     42 |     22 |      0 |     27 |   1 |   64.0 |
               +--------+--------+--------+--------+--------+-----+--------+

Top non-repeatable levels by time:
     D:5: 1985 daAuts
     D:6: 1599 daAuts
     D:3: 1464 daAuts
     D:2: 1181 daAuts
     D:4: 871 daAuts
     D:1: 866 daAuts
     D:7: 71 daAuts
  Temple: 64 daAuts
